 Dungeon Crawl Stone Soup version 0.22-a0-161-g198051c (webtiles) character file.

562 b5mith the Poker (level 7, -31/55 HPs)
             Began as a Human Berserker on Feb 10, 2018.
             Was a Priest of Trog.
             Killed from afar by Sigmund (49 damage)
             ... with an exploding inner flame
             ... hexed by the player character
             ... on level 4 of the Dungeon.
             The game lasted 00:18:17 (3855 turns).

b5mith the Poker (Human Berserker)                  Turns: 3855, Time: 00:18:17

Health: -31/55     AC: 10    Str: 18    XL:     7   Next: 58%
Magic:  7/7        EV:  8    Int:  7    God:    Trog [***...]
Gold:   87         SH:  0    Dex: 14    Spells: 6/6 levels left

rFire    . . .     SeeInvis .   a - +1 spear
rCold    . . .     Gourm    .   (no shield)
rNeg     . . .     Faith    .   k - +0 chain mail
rPois    .         Spirit   .   (no helmet)
rElec    .         Reflect  .   (no cloak)
rCorr    .         Harm     .   m - +0 pair of gloves
MR       .....                  (no boots)
Stlth    ..........             (no amulet)
HPRegen  0.18/turn              (no ring)
MPRegen  0.10/turn              (no ring)

@: no status effects
A: no striking features
a: Berserk, Trog's Hand, Burn Spellbooks, Renounce Religion


You were on level 4 of the Dungeon.
You worshipped Trog.
Trog was most pleased with you.
You were not hungry.

You visited 1 branch of the dungeon, and saw 4 of its levels.

You collected 87 gold pieces.

Inventory:

Hand Weapons
 a - a +1 spear (weapon)
 o - a +0 blowgun
Missiles
 t - 18 bolts
Armour
 b - a +0 animal skin
 d - a +0 centaur barding
 h - a +0 ring mail
 k - a +0 chain mail (worn)
 m - a +0 pair of gloves (worn)
Scrolls
 i - a scroll of identify {unknown}
 j - a scroll of teleportation {unknown}
 n - 3 scrolls of remove curse
 w - a scroll of enchant armour {unknown}
Potions
 f - a potion of might {unknown}
 g - a potion of cancellation {unknown}
 p - a potion of flight {unknown}
 q - a potion of agility {unknown}
 s - a potion of haste {unknown}
 u - a potion of degeneration {unknown}
Books
 c - a book of Minor Magic

   Spells                             Type                      Level
   a - Magic Dart                     Conjuration                  1
   b - Blink                          Translocation                2
   c - Call Imp                       Summoning                    2
   d - Slow                           Hexes                        2
   e - Conjure Flame                  Conjuration/Fire             3
   f - Mephitic Cloud                 Conjuration/Poison/Air       3
   Trog disapproves of the use of such an item.
Comestibles
 v - a ration


   Skills:
 + Level 4.4 Fighting
 + Level 5.9 Polearms
 + Level 0.2 Throwing
 + Level 4.3 Armour
 + Level 2.7 Dodging
 + Level 0.2 Stealth


You had 6 spell levels left.
You didn't know any spells.

Dungeon Overview and Level Annotations

Branches:
Dungeon (4/15)
 Temple: D:4-7

Altars:
Hepliaklqana

Shops:
D:4 }

Annotations:
D:3 1 runed door


Message History

Your +0 spear glows red for a moment.
As you read the scroll labeled IWKIRU LYILU, it crumbles to dust.
The creatures around you are filled with an inner flame!
It was a scroll of immolation.
Sigmund hits you but does no damage. Sigmund barely misses you.
You are too injured to fight recklessly!
You are too injured to fight recklessly!
You hit Sigmund.
Sigmund is almost dead.
Sigmund hits you with a scythe.
You hit Sigmund.
Sigmund is almost dead.
Sigmund hits you with a scythe.
You closely miss Sigmund.
Sigmund is almost dead.
You hit Sigmund.
Sigmund explodes!
The fiery explosion engulfs you!
Ouch! That really hurt!
You die...

∩..(.........#.#
.#.......##..#.#
..........<..#
#.......###..# ...
#.......#....# ####+#...
.......##.#..# #......##
#########.##.# +......'.
#######.##.######......#
............§.@.>......+
######.##.#####.......#
#.##.# #..######
#########.##{######.######
...........#...{.§.........
#######.).#########..######
.....÷'...'÷............
#######...#.#.###....###[#
....# #...#.# .....


There were no monsters in sight!

Vanquished Creatures
  Eustachio (D:4)
  Blork the orc (D:4)
  A scorpion (D:4)
  A hound (D:4)
  An orc priest (D:4)
  An orc wizard (D:4)
  A bullfrog skeleton (D:2)
  4 gnolls
  6 adders
  An ooze (D:3)
  A worm (D:3)
  5 dart slugs
  4 leopard geckos
  7 orcs
  2 giant cockroaches
  5 hobgoblins
  10 jackals
  6 kobolds
  A quokka (D:3)
  A ball python (D:2)
  A ball python skeleton (D:4)
  9 bats
  A frilled lizard (D:2)
  9 goblins
  A fungus (D:3)
81 creatures vanquished.

Notes
Turn   | Place    | Note
-------+----------+-------------------------------------------
     0 | D:1      | b5mith the Human Berserker began the quest for the Orb.
     0 | D:1      | Reached XP level 1. HP: 18/18 MP: 1/1
   268 | D:1      | Reached XP level 2. HP: 24/24 MP: 2/2
   494 | D:1      | Reached XP level 3. HP: 13/29 MP: 3/3
   888 | D:2      | Reached ** piety under Trog
  1209 | D:2      | Reached XP level 4. HP: 20/35 MP: 4/4
  1526 | D:3      | Reached skill level 4 in Polearms
  1580 | D:3      | Reached XP level 5. HP: 38/41 MP: 5/5
  2157 | D:3      | Found a hazy altar of Hepliaklqana.
  2341 | D:3      | Reached XP level 6. HP: 47/48 MP: 6/6
  2627 | D:3      | Found a runed door.
  2685 | D:4      | Noticed Eustachio
  2867 | D:4      | Killed Eustachio
  2867 | D:4      | Reached skill level 5 in Polearms
  2867 | D:4      | Reached XP level 7. HP: 20/54 MP: 7/7
  2930 | D:4      | Reached *** piety under Trog
  3268 | D:4      | Found Jayfiyxoh's Gadget Shoppe.
  3344 | D:4      | Noticed Blork the orc
  3403 | D:4      | HP: 1/55 [Blork the orc/puff of flame (7)]
  3426 | D:4      | Killed Blork the orc
  3779 | D:4      | Noticed Sigmund
  3855 | D:4      | Killed Sigmund
  3855 | D:4      | Killed from afar by Sigmund

Vault maps used:
D:1:      minmay_arrival_checkered_box
D:3:      kennysheep_the_goblin_king, lemuel_crystal_altar,
          uniq_crazy_yiuf_cottage
D:4:      first_ration, serial_shops, nicolae_shop_crystal, uniq_sigmund,
          uniq_eustachio, uniq_blork_the_orc

Skill      XL: |  1  2  3  4  5  6  7 |
---------------+----------------------+-----
Polearms       | 4 5 |  5.9
Armour         | 3 4 |  4.3
Fighting       | 4 |  4.4
Throwing       | |  0.2
Dodging        | |  2.7
Stealth        | |  0.2

Action                   |  1- 3 |  4- 6 |  7- 9 || total
-------------------------+-------+-------+-------++-------
Melee: Spear             |   188 |   295 |   106 ||   589
Throw: Throwing net      |       |     1 |     1 ||     2
  Use: Scroll            |       |     1 |     2 ||     3
       Potion            |       |       |     2 ||     2
  Eat: Ration            |     1 |     1 |     1 ||     3
Armor: Animal skin       |     3 |       |       ||     3
       Ring mail         |    24 |       |       ||    24
       Chain mail        |    35 |   101 |    34 ||   170
       Skin              |       |       |    28 ||    28
Dodge: Dodged            |   113 |    94 |    17 ||   224

Table legend:
 A = Spawn XP
 B = Non-spawn XP
 C = Spawn XP percentage of total XP
 D = Spawn monster count
 E = Non-spawn monster count
 F = Spawn count percentage of total count
 G = Total turns spent on level
                    A         B        C        D         E        F      G
               +---------+---------+-------+---------+---------+-------+---------
         Total |       0 |     804 |   0.0 |       0 |      80 |   0.0 |  3855
               +---------+---------+-------+---------+---------+-------+---------
           D:1 |       0 |      37 |   0.0 |       0 |      17 |   0.0 |   822
           D:2 |       0 |     108 |   0.0 |       0 |      21 |   0.0 |   930
           D:3 |       0 |     152 |   0.0 |       0 |      29 |   0.0 |   945
           D:4 |       0 |     507 |   0.0 |       0 |      13 |   0.0 |  1158
               +---------+---------+-------+---------+---------+-------+---------
